 Dungeon Crawl Stone Soup version 0.29.1-15-g9cfb28693d (webtiles) character file.

Game seed: 11460671750461663185

564579 MacCMillion the Slayer (level 24, -4/132 HPs)
             Began as a Felid Summoner on Mar 9, 2023.
             Was the Champion of Jiyva.
             Slain by Buinyp the pandemonium lord (37 damage)
             ... on level 3 of the Depths on Mar 10, 2023.
             The game lasted 06:14:10 (103012 turns).

MacCMillion the Slayer (Felid Summoner)           Turns: 103012, Time: 06:14:11

Health: -4/132     AC: 23    Str: 11      XL:     24   Next: 88%
Magic:  33/52      EV: 50    Int: 29 (30) God:    Jiyva [******]
Gold:   4245       SH:  0    Dex: 24      Spells: 0/53 levels left
                                        Lives:  0   Deaths: 3

rFire   + . .      SeeInvis +     - Unarmed
rCold   + + .      Faith    .   (shield unavailable)
rNeg    . . .      Spirit   .   (body armour unavailable)
rPois   ∞          Reflect  .   (helmet unavailable)
rElec   +          Harm     .   (cloak unavailable)
rCorr   +          Rampage  .   (gloves unavailable)
Will    ++...                   (boots unavailable)
Stlth   +.........              Z - amulet "Ponuwk" {RegenMP rPois}
HPRegen 1.92/turn               A - ring of Ynytah {rF+ Will- rCorr Str+2 Dex+6}
MPRegen 1.23/turn               n - ring "Mishreudio" {rC++ MP+9 AC+4 Str+6}

@: storm-form, flying
A: cleaving, insubstantial, flying, very small, (claws 1), (fangs 3), see
invisible, (speed 1), (shaggy fur 3), (stealthy paws), no weapons or thrown
items, no armour, multi-lived, (iridescent scales 1), clever 1, (fire resistance
1), (electricity resistance), (acidic bite), MP-powered wands
0: Orb of Zot
}: 4/15 runes: serpentine, barnacled, slimy, silver
a: Blinkbolt, End Transformation, Renounce Religion, Oozemancy, Slimify


You were on level 3 of the Depths.
You worshipped Jiyva.
Jiyva was exalted by your worship.
You were a lightning-filled tempest!
You visited 13 branches of the dungeon, and saw 57 of its levels.
You visited 1 bazaar.
You also visited: Ossuary, Wizlab and Desolation.

You collected 20375 gold pieces.
You spent 6183 gold pieces at shops.
You paid 9947 gold pieces to Gozag.

Inventory:

Jewellery
 k - a ring of magical power
 m - a ring of resist corrosion
 n - the ring "Mishreudio" (right paw) {rC++ MP+9 AC+4 Str+6}
   (You found it on level 2 of the Dungeon)

   [ring of protection]

   AC:        It affects your AC (+4).
   Str:       It affects your strength (+6).
   rC:        It greatly protects you from cold.
   MP:        It affects your magic capacity (+9).
 s - the ring of the Cricket {rC+ Slay+4}
   (You took it off a vault guard on level 5 of the Vaults)

   [ring of slaying]

   Slay:      It affects your accuracy & damage with ranged weapons and melee
   (+4).
   rC:        It protects you from cold.
 A - the ring of Ynytah (left paw) {rF+ Will- rCorr Str+2 Dex+6}
   (You found it on level 1 of the Depths)

   [ring of dexterity]

   Str:       It affects your strength (+2).
   Dex:       It affects your dexterity (+6).
   rF:        It protects you from fire.
   rCorr:     It protects you from acid and corrosion.
   Will:      It decreases your willpower.
 B - a ring of protection from cold
 J - the ring of Juhees {Ice rElec Will- Str+3 Slay+2}
   (You found it on level 9 of the Dungeon)

   [ring of ice]

   It enhances your ice magic.
   Str:       It affects your strength (+3).
   Slay:      It affects your accuracy & damage with ranged weapons and melee
   (+2).
   rF:        It makes you vulnerable to fire.
   rC:        It protects you from cold.
   rElec:     It insulates you from electricity.
   Will:      It decreases your willpower.
 L - a ring of wizardry
 M - a +6 ring of dexterity
 P - the ring "Icvoelok" {Drain rElec Will+ Str+6 Int+4}
   (You found it on level 5 of the Vaults)

   [ring of strength]

   Str:       It affects your strength (+6).
   Int:       It affects your intelligence (+4).
   rElec:     It insulates you from electricity.
   Drain:     It drains your maximum health when unequipped.
   Will:      It increases your willpower.
 R - a ring of protection from fire
 S - the ring of the Empire {Ice Dex+3 Slay+2}
   (You acquired it on level 2 of the Orcish Mines)

   [ring of ice]

   It enhances your ice magic.
   Dex:       It affects your dexterity (+3).
   Slay:      It affects your accuracy & damage with ranged weapons and melee
   (+2).
   rF:        It makes you vulnerable to fire.
   rC:        It protects you from cold.
 W - the brooch of Shielding {Spirit SH+8}
   (You found it on level 5 of the Pits of Slime)

   [amulet of guardian spirit]

   It causes incoming damage to be divided between your reserves of health and
   magic.
   SH:        It affects your SH (+8).
 Y - a ring of willpower
 Z - the amulet "Ponuwk" (around neck) {RegenMP rPois}
   (You took it off an orc sorcerer on level 13 of the Dungeon)

   [amulet of magic regeneration]

   It increases your rate of magic regeneration.
   rPois:     It protects you from poison.
Wands
 b - a wand of mindburst (27)
 q - a wand of iceblast (40)
 y - a wand of digging (12)
 C - a wand of flame (64)
 D - a wand of polymorph (19)
 F - a wand of light (38)
 V - a wand of paralysis (37)
Scrolls
 d - 10 scrolls of teleportation
 e - 12 scrolls of fear
 g - 2 scrolls of magic mapping
 h - 12 scrolls of immolation
 j - 7 scrolls of vulnerability
 p - 4 scrolls of noise
 r - 4 scrolls of torment
 z - 10 scrolls of butterflies
 H - 6 scrolls of poison
 I - 5 scrolls of blinking
 K - 3 scrolls of summoning
 N - 29 scrolls of identify
 Q - 7 scrolls of amnesia
Potions
 a - 3 potions of magic
 c - a potion of invisibility
 f - 10 potions of flight
 i - 18 potions of curing
 l - 4 potions of cancellation
 o - 5 potions of haste
 u - 11 potions of attraction
 v - 5 potions of berserk rage
 w - 10 potions of brilliance
 x - a potion of heal wounds
 E - 5 potions of lignification
 G - 2 potions of might
 T - 4 potions of ambrosia
 U - 6 potions of resistance
Miscellaneous
 t - a phantom mirror
 X - a phial of floods


   Skills:
 + Level 25.4 Fighting
 - Level 21.7 Dodging
 - Level 2.6 Stealth
 - Level 16.4 Unarmed Combat
 - Level 15.0 Spellcasting
 - Level 5.0 Hexes
 - Level 23.0 Summonings
 - Level 17.0 Translocations
 - Level 18.0 Transmutations
 - Level 18.0 Air Magic


You couldn't memorise any spells.
You knew the following spells:

 Your Spells              Type           Power      Damage    Failure   Level
a - Summon Hydra          Summ           50%        N/A       1%          7
b - Wereblood             Tmut           90%        N/A       0%          2
c - Summon Horrible Thin  Summ           50%        N/A       1%          8
d - Summon Lightning Spi  Summ/Air       96%        N/A       0%          4
e - Summon Forest         Summ/Tloc      47%        N/A       0%          5
f - Storm Form            Tmut/Air       45%        N/A       1%          7
g - Blink                 Tloc           100%       N/A       0%          2
h - Manifold Assault      Tloc           88%        N/A       1%          5
i - Summon Cactus Giant   Summ           50%        N/A       1%          6
j - Malign Gateway        Summ/Tloc      47%        N/A       1%          7

Your spell library contained the following spells:

 Spells                   Type           Power      Damage    Failure   Level
 Apportation              Tloc           100%       N/A       0%          1
 Beastly Appendage        Tmut           100%       N/A       0%          1
 Summon Small Mammal      Summ           100%       N/A       0%          1
 Call Imp                 Summ           100%       N/A       0%          2
 Call Canine Familiar     Summ           100%       N/A       0%          3
 Lesser Beckoning         Tloc           88%        N/A       0%          3
 Airstrike                Air            45%        2d(7-23)  0%          4
 Shock                    Conj/Air       100%       1d9       1%          1
 Slow                     Hex            100%       N/A       1%          1
 Ensorcelled Hibernation  Hex/Ice        72%        N/A       1%          2
 Passwall                 Tmut/Erth      54%        N/A       1%          2
 Static Discharge         Conj/Air       65%        3-12/arc  1%          2
 Ignite Poison            Fire/Tmut/Pois 54%        N/A       1%          3
 Mephitic Cloud           Conj/Pois/Air  54%        N/A       1%          3
 Spider Form              Tmut/Pois      65%        N/A       1%          3
 Summon Guardian Golem    Hex/Summ       80%        N/A       1%          3
 Corpse Rot               Necr/Pois/Air  54%        N/A       1%          4
 Iskenderun's Mystic Bla  Conj/Tloc      63%        2d13      1%          4
 Passage of Golubria      Tloc           88%        N/A       1%          4
 Petrify                  Tmut/Erth      65%        N/A       1%          4
 Alistair's Intoxication  Tmut/Pois      43%        N/A       1%          5
 Blade Hands              Tmut           45%        N/A       1%          5
 Lightning Bolt           Conj/Air       32%        1d50      1%          5
 Silence                  Hex/Air        36%        N/A       1%          5
 Yara's Violent Unravell  Hex/Tmut       36%        3d15      1%          5
 Foxfire                  Conj/Fire      84%        2x1d8     2%          1
 Magic Dart               Conj           84%        1d7       2%          1
 Necrotise                Necr           84%        1d8       2%          1
 Sandblast                Erth           42%        2d11      2%          1
 Inner Flame              Hex/Fire       36%        N/A       2%          3
 Cause Fear               Hex            25%        N/A       2%          4
 Scorch                   Fire           42%        2d7       3%          2
 Searing Ray              Conj           42%        2d6       3%          2
 Sublimation of Blood     Necr           21%        N/A       3%          2
 Freezing Cloud           Conj/Ice/Air   27%        6-21      5%          5
 Conjure Flame            Conj/Fire      21%        6-21      7%          3
 Stone Arrow              Conj/Erth      42%        3d9       7%          3
 Anguish                  Hex/Necr       18%        N/A       8%          4
 Fulminant Prism          Conj/Hex       18%        3d11      8%          4
 Leda's Liquefaction      Hex/Erth       18%        N/A       8%          4
 Conjure Ball Lightning   Conj/Air       32%        3x3d10    9%          6
 Eringya's Noxious Bog    Tmut/Pois      32%        N/A       9%          6
 Statue Form              Tmut/Erth      43%        N/A       9%          6
 Maxwell's Capacitive Co  Air            45%        ∞         9%          8
 Haunt                    Necr/Summ      36%        N/A       17%         7
 Animate Dead             Necr           21%        N/A       22%         4
 Dispel Undead            Necr           21%        3d11      22%         4
 Flame Wave               Conj/Fire      21%        2d8       22%         4
 Sticky Flame             Conj/Fire      21%        2d4       22%         4
 Metabolic Englaciation   Hex/Ice        18%        N/A       22%         5
 Fireball                 Conj/Fire      10%        3d6       52%         5
 Iskenderun's Battlesphe  Conj           21%        2d7       52%         5
 Enfeeble                 Hex            25%        N/A       94%         7
 Death Channel            Necr           10%        N/A       98%         6
 Iron Shot                Conj/Erth      10%        9d3       98%         6
 Simulacrum               Ice/Necr       10%        N/A       98%         6
 Orb of Destruction       Conj           10%        9d6       100%        7
 Borgnjor's Revivificati  Necr           10%        N/A       100%        8
 Discord                  Hex            25%        N/A       100%        8
 Infestation              Necr           10%        N/A       100%        8
 Lehudib's Crystal Spear  Conj/Erth      10%        10d4      100%        8
 Polar Vortex             Ice            10%        N/A       100%        9
 Portal Projectile        Hex/Tloc       Unusable   N/A       N/A         3
 Animate Armour           Summ/Erth      Unusable   N/A       N/A         4

Dungeon Overview and Level Annotations

Branches:
Dungeon (15/15)            Temple (1/1) D:4            Lair (5/5) D:9
 Shoals (4/4) Lair:2        Snake (4/4) Lair:2        Slime (5/5) Lair:4
    Orc (2/2) D:10            Elf (3/3) Orc:2        Vaults (5/5) D:14
  Crypt (3/3) Vaults:2       Tomb (1/3) Crypt:3      Depths (4/4) D:15
    Zot (5/5) Depths:4    Ossuary (visited)          WizLab (visited)
Desolation (visited)

Altars:
Dithmenos
Elyvilon
Fedhas
Gozag
Hepliaklqana
Kikubaaqudgha
Makhleb
Nemelex Xobeh
Okawaru
Ru
Sif Muna
Trog
Uskayaw
Vehumet
Wu Jian
Yredelemnul
The Shining One
Jiyva
Lugonu

Shops:
D:1 !:*===!*   D:3 [   D:12 [   Orc:2 ![?*   Elf:1 (?[(   Lair:3 ::
Shoals:1 [   Shoals:3 (   Snake:2 **   Snake:4 *(   Vaults:4 =!   Depths:1 =:=
Depths:3 =   Depths:4 =:(

Portals:
Hell: Depths:1 Depths:2 Depths:3 Depths:4
Abyss: Snake:1 Depths:2 Depths:3 Depths:4
Pandemonium: Depths:1 Depths:2 Depths:3
Ziggurat: Depths:3

Annotations:
D:4 2 runed translucent doors, ymhsbmbesitwf's ghost, novice FoFi
D:5 exclusion: statue
D:11 1 runed translucent door
Lair:3 2 transporters, IndexError's ghost, journeyman GnHW
Snake:1 2 transporters, Huamaowo's ghost, journeyman MiBe
Snake:4 3 runed translucent doors, Razfen's ghost, adept GnWn
Slime:5 Royal Jelly
Elf:2 3 runed translucent doors


Innate Abilities, Weirdness & Mutations

You are a lightning-filled tempest!
Your electrical attacks strike out in all directions at once.
You are incredibly evasive.
Your insubstantial body is immune to petrification, constriction, and being set on fire You are flying.
You are immune to poison.
((You have sharp claws.))
((You have razor-sharp teeth.))
You have supernaturally acute eyesight. (SInv)
((You cover ground quickly. (Speed+)))
((Your thick and shaggy fur keeps you warm. (AC +3, rC+)))
((Your paws help you pounce on unaware monsters.))
You are incapable of wielding weapons or throwing items.
You cannot wear armour.
You gain extra lives every three experience levels.
((You are partially covered in iridescent scales. (AC +2)))
Your mind is acute. (Int +4, Str/Dex -1)
((Your flesh is heat resistant. (rF+)))
((You are resistant to electric shocks. (rElec)))
((You have acidic saliva.))
You expend magic power (3 MP) to strengthen your wands.


Message History

You buffet the daeva!
The daeva is severely wounded.
Buinyp hits your large abomination!!
Your large abomination is destroyed!
Your large abomination disappears in a puff of smoke!
You blast the daeva!!!
You kill the daeva!
Buinyp barely misses your large abomination.
Things that are here:
a +3 scimitar of holy wrath; a +0 tower shield
Press: ? - help, . - travel You can't see that place. [the floor.]
You swap places.
Buinyp hits your large abomination but does no damage.
Your large abomination barely misses Buinyp.
Buinyp gestures at you.
Buinyp blinks!
Your large abomination hits Buinyp!
Your large abomination barely misses Buinyp. x2
Buinyp completely misses you.
Your large abomination hits Buinyp but does no damage.
Your large abomination misses Buinyp.
Buinyp attacks as you move away! Buinyp completely misses you.
Buinyp misses you.
Your transformation has ended.
Buinyp hits you!!
You writhe in agony!
Casting: Manifold Assault (safe; 1% risk of failure)
Confirm with . or Enter, or press ? or * to list all spells.
Your large abomination disappears in a puff of smoke!
Buinyp hits you!!
You writhe in agony!
Your large abomination barely misses Buinyp.
Casting: Summon Horrible Things (dangerous; 1% risk of failure)
Confirm with . or Enter, or press ? or * to list all spells.
You turn into a lightning-filled tempest!
Buinyp hits you!
* * * LOW HITPOINT WARNING * * *
You writhe in agony.
* * * LOW HITPOINT WARNING * * *
Buinyp hits you!!!
You die...

####.###...'...###..J..# #
##~##...###.# #####'#########
####~~###### #.# #............#
~~##~~~#######.####............#
≈~~#~)~#......§.X.'..J.........#
≈~~#~~~###.###X####............#
≈~~~~~≈# #.# #.X.##............#
~~~~~≈≈# #.# ###&##..........∩.#
#≈≈≈≈~≈# #.# #v#.............#
#~~≈≈≈~###.### #.XX#...........#
#~~~~~~#.....###XX###..........#
#~~#~~~#####.##..##.##..########
#~~#~~~##~E#.'<.##.∩.##.#
#~~##~###~~#.##..##.##..#
############.##...###..##
#.#.#........##....#...#
#...#......####.##...#.#


You could see Buinyp (ally target), a friendly tentacled monstrosity (summoned)
and 5 friendly large abominations.

Vanquished Creatures
  A pandemonium lord (Depths:4)
  A dread lich (Vaults:5)
  Khufu (Crypt:3)
  2 orbs of fire
  3 ancient liches
  4 curse toes
  A Killer Klown (Zot:5)
  2 golden dragons
  Jory (Vaults:3)
  A Brimstone Fiend (Zot:4)
  2 electric golems
  11 tentacled monstrosities
  14 Orb Guardians (Zot:5)
  9 liches
  Asterion (Elf:2)
  5 quicksilver dragons
  3 titans (Vaults:5)
  2 deep elf master archers (Elf:3)
  2 krakens
  An eldritch tentacle (Zot:5)
  An ancient champion (Crypt:1)
  6 death cobs
  3 storm dragons
  11 shadow dragons
  2 nagarajas (Snake:4)
  2 draconian monks
  A daeva (Depths:3)
  4 sphinxes
  3 tengu reavers
  4 revenants
  3 draconian knights
  10 fire giants
  7 frost giants
  Louise (Depths:4)
  Aizul (Shoals:3)
  An orc warlord (Vaults:3)
  2 iron dragons (Vaults:5)
  2 ghost moths
  6 deep elf sorcerers (Elf:3)
  3 draconian scorchers
  A caustic shrike zombie (Crypt:3)
  3 curse skulls
  A cacodemon (Depths:3)
  11 vault wardens
  7 very ugly things
  2 ghouls
  2 deep elf elementalists (Elf:3)
  6 draconian stormcallers
  3 draconian shifters
  A reaper (Crypt:2)
  13 ironbound preservers
  A draconian annihilator (Depths:4)
  7 war gargoyles
  A caustic shrike skeleton (Crypt:1)
  A juggernaut skeleton (Crypt:3)
  6 stone giants
  6 vampire knights
  10 ironbound thunderhulks
  3 green draconians
  10 dire elephants
  8 deep elf demonologists
  2 entropy weavers
  8 black draconians
  4 purple draconians
  3 white draconians (Zot:5)
  12 deep elf annihilators
  4 yellow draconians
  4 red draconians
  3 spark wasps
  An orange crystal statue (WizLab)
  7 ettins
  2 eidola (Crypt:2)
  5 merfolk impalers
  7 merfolk javelineers
  2 crystal guardians (Vaults:2)
  3 deep elf death magi
  6 deep elf high priests
  11 yaktaur captains
  3 ice dragons
  2 ragged hierophants (Desolation)
  9 jiangshi
  8 fire dragons
  3 great orbs of eyes
  2 fenstrider witch zombies
  21 vault guards
  3 rakshasas
  A salamander tyrant (Snake:4)
  4 boulder beetles
  4 ironbound frosthearts
  A servant of whispers (Desolation)
  2 merfolk avatars
  A catoblepas (Shoals:3)
  2 ogre magi
  3 merfolk aquamancers (Shoals:4)
  5 centaur warriors
  A spriggan skeleton (Crypt:2)
  6 anacondas
  5 death knights
  13 death scarabs (Tomb:1)
  2 alligator snapping turtles
  A two-headed ogre (D:14)
  2 satyrs
  6 naga warriors
  4 tengu warriors
  8 dancing weapons
  6 deep troll earth magi
  8 shock serpents
  3 spriggan berserkers
  9 vampire magi
  An orc high priest (Elf:1)
  A titan zombie (Tomb:1)
  6 deep troll shamans
  3 sun demons
  7 naga sharpshooters
  12 deep elf knights
  8 hell knights
  8 salamander mystics
  5 iron trolls
  A golden dragon zombie (Crypt:3)
  15 skeletal warriors
  5 sea snakes
  A shadow wraith (Crypt:1)
  49 deep trolls
  2 glowing orange brains
  A goliath frog (shapeshifter) (Vaults:5)
  A flayed ghost (Crypt:1)
  13 deep elf archers
  3 naga ritualists
  3 lindwurms (Vaults:1)
  5 wizards
  11 phantasmal warriors
  20 ironbound convokers
  17 harpies
  7 necromancers
  7 mana vipers
  26 deep elf zephyrmancers
  6 orc knights
  12 ugly things
  19 deep elf pyromancers
  7 fauns
  3 orc sorcerers
  6 nameless horrors
  16 moths of wrath
  15 salamanders
  7 manticores (Shoals:4)
  6 cyclopes
  An iron dragon skeleton (Crypt:1)
  A shadow dragon skeleton (Crypt:1)
  3 stone giant skeletons
  12 vault sentinels
  2 naga magi
  11 black mambas
  A water nymph (shapeshifter) (Vaults:1)
  5 water nymphs
  6 guardian serpents (Snake:4)
  A molten gargoyle (Desolation)
  9 merfolk sirens
  2 smoke demons (Zot:2)
  A centaur skeleton (Crypt:3)
  A gargoyle (D:14)
  An alligator snapping turtle zombie (Crypt:3)
  A bunyip simulacrum (Crypt:2)
  6 freezing wraiths
  25 yaktaurs
  2 guardian mummies (Tomb:1)
  2 hellwings
  A red devil (Depths:3)
  2 harpy zombies
  39 merfolk
  2 trolls
  4 wind drakes (Shoals:4)
  4 saltlings (Desolation)
  A hydra skeleton (Crypt:2)
  22 slime creatures
  A culicivora zombie (Crypt:2)
  A jumping spider (Vaults:4)
  10 dream sheep
  9 snapping turtles
  A culicivora (shapeshifter) (Elf:2)
  40 flying skulls
  16 water elementals
  2 ynoxinuls
  An ushabti (Tomb:1)
  A dire elephant simulacrum (Crypt:2)
  An ettin skeleton (Crypt:3)
  4 air elementals
  2 fire elementals (Elf:1)
  5 wraiths
  2 basilisks (Shoals:3)
  A redback (shapeshifter) (Elf:3)
  A redback (Vaults:4)
  4 vampire mosquitoes
  A fire bat zombie (Crypt:2)
  16 nagas
  A floating eye zombie (Crypt:2)
  3 orc warriors
  A rime drake skeleton (Crypt:2)
  A fire crab zombie (Crypt:1)
  3 earth elementals
  2 spriggan zombies
  2 howler monkeys
  2 electric eels (Snake:2)
  2 orc priests
  3 orc wizards
  A hound zombie (Crypt:2)
  7 mummies (Tomb:1)
  2 gnolls (D:14)
  18 orcs
  A quokka (D:3)
  A river rat zombie (Crypt:1)
  A bat (D:1)
  A frilled lizard skeleton (Crypt:2)
  A kobold (D:14)
  An orc zombie (Crypt:2)
  2 tentacles (Shoals:3)
1153 creatures vanquished.

Vanquished Creatures (collateral kills)
  4 dread liches (Zot:5)
  An ancient lich (Vaults:5)
  3 orbs of fire (Zot:5)
  Mennas (Vaults:3)
  A royal mummy (Crypt:3)
  Sojobo (Vaults:3)
  Vv (Zot:4)
  3 Killer Klowns (Zot:5)
  Saint Roka (Elf:3)
  Margery (Depths:4)
  4 golden dragons
  Nikola (Vaults:3)
  A bone dragon (Crypt:3)
  A Brimstone Fiend (Zot:5)
  Jorgrun (Orc:1)
  2 electric golems
  2 liches
  8 tentacled monstrosities
  11 Orb Guardians (Zot:5)
  A Hell Sentinel (Depths:4)
  2 deep elf blademasters (Elf:3)
  A quicksilver dragon (Zot:3)
  2 death cobs
  An eldritch tentacle (Crypt:3)
  2 titans (Vaults:5)
  Gastronok (D:10)
  5 tengu reavers
  7 sphinxes
  2 shadow dragons (Vaults:5)
  Donald (Orc:2)
  4 storm dragons
  A draconian monk (Zot:5)
  3 fire giants
  A frost giant (Depths:1)
  3 draconian knights
  2 vault wardens (Vaults:2)
  An orc warlord (Vaults:4)
  A draconian scorcher (Zot:5)
  2 deep elf sorcerers
  3 draconian shifters
  9 ironbound preservers
  11 very ugly things
  4 draconian annihilators
  A vampire knight (Crypt:3)
  A juggernaut skeleton (Depths:1)
  2 stone giants
  4 black draconians
  3 green draconians
  5 dire elephants
  A deep elf demonologist (Elf:3)
  A deep elf annihilator (Vaults:5)
  A lorocyproca (Depths:2)
  2 yellow draconians (Zot:5)
  4 red draconians
  4 white draconians
  A spark wasp (Depths:4)
  An eidolon (Crypt:2)
  3 ettins
  A purple draconian (Zot:2)
  A blizzard demon (Depths:4)
  4 deep elf death magi
  3 crystal guardians (Crypt:3)
  4 merfolk impalers
  5 fire dragons
  A spriggan zombie (Crypt:2)
  Josephine (Orc:2)
  A merfolk javelineer (Shoals:4)
  7 jiangshi
  Fannar (D:11)
  2 peacekeepers
  Harold (D:11)
  13 vault guards
  3 salamander tyrants
  A boulder beetle (D:13)
  A spriggan air mage (Depths:2)
  2 rakshasas (Depths:2)
  9 anacondas
  2 centaur warriors (D:13)
  2 hydras
  A spriggan skeleton (Tomb:1)
  An alligator snapping turtle (Shoals:4)
  7 ice dragons
  Erica (Orc:1)
  An ironbound frostheart (Vaults:3)
  An anaconda (shapeshifter) (Depths:2)
  A catoblepas (Lair:3)
  A two-headed ogre (D:12)
  7 naga warriors
  A tengu warrior (Depths:3)
  A deep troll shaman (Depths:2)
  2 death knights
  8 dancing weapons
  A vampire mage (Depths:1)
  3 death scarabs (Tomb:1)
  2 deep troll earth magi
  A shock serpent (Snake:4)
  2 naga sharpshooters
  A spriggan berserker (Depths:2)
  10 hell knights
  3 orc high priests (Orc:2)
  Sonja (Lair:1)
  A sixfirhy (Depths:2)
  A fire crab (D:13)
  4 salamander mystics (Snake:4)
  4 iron trolls
  9 skeletal warriors
  A wizard (Vaults:1)
  A glowing orange brain (Vaults:2)
  7 sea snakes
  2 golden dragon skeletons
  A phantasmal warrior (Vaults:5)
  29 deep trolls
  4 ironbound convokers
  3 naga ritualists
  3 deep elf archers (Elf:1)
  8 orc knights
  7 lindwurms
  6 harpies
  6 necromancers
  9 deep elf pyromancers
  5 mana vipers
  30 ugly things
  3 deep elf zephyrmancers
  A cyclops (D:13)
  An orc sorcerer (D:13)
  10 salamanders
  6 manticores
  5 moths of wrath
  An elephant (shapeshifter) (Vaults:5)
  4 fauns
  2 rust devils (Depths:2)
  A fire giant skeleton (Depths:1)
  A smoke demon (Depths:2)
  3 vault sentinels
  2 merfolk sirens
  A guardian serpent (Snake:4)
  4 torpor snails
  14 black mambas
  A water nymph (Shoals:1)
  A gargoyle (D:14)
  7 naga magi
  A cane toad (shapeshifter) (D:14)
  A shock serpent skeleton (Crypt:2)
  5 cane toads
  2 dire elephant skeletons (Crypt:3)
  A kobold demonologist (D:11)
  An unseen horror (D:12)
  An alligator snapping turtle skeleton (Crypt:2)
  5 freezing wraiths
  2 rime drakes
  5 komodo dragons
  4 yaktaurs
  A tengu conjurer (Depths:3)
  5 trolls
  A queen bee (shapeshifter) (D:13)
  A red devil (Depths:2)
  2 harpy zombies
  An ice devil (Depths:2)
  12 merfolk
  A meliai (shapeshifter) (D:13)
  2 tyrant leeches (Lair:5)
  2 wind drakes
  A hornet (Lair:5)
  11 blink frogs
  12 slime creatures
  3 snapping turtles
  A harpy skeleton (Crypt:3)
  A fire giant simulacrum (Depths:1)
  10 flying skulls
  A centaur simulacrum (D:13)
  4 water elementals
  Sigmund (D:5)
  42 yaks
  A vampire (D:11)
  5 wraiths
  An ushabti (Tomb:1)
  2 wyverns
  A fire elemental (Lair:5)
  2 basilisks
  Eustachio (D:5)
  10 vampire mosquitoes
  Grum (D:11)
  2 steam dragons (D:8)
  A warg (Vaults:5)
  An acid dragon (D:9)
  24 nagas
  13 water moccasins
  23 orc warriors
  A sky beast (D:7)
  A black bear (shapeshifter) (D:13)
  A fire dragon simulacrum (Crypt:2)
  An ogre (Orc:1)
  3 wolves (D:11)
  3 phantoms
  A hog skeleton (Crypt:2)
  4 kobold brigands
  3 nameless horrors
  An earth elemental (Elf:2)
  7 bullfrogs
  3 necrophages
  3 scorpions
  5 wights (D:8)
  2 electric eels (Snake:2)
  2 howler monkeys
  A human zombie (Ossuary)
  7 jellies
  29 orc priests
  4 hounds
  2 gnoll boudas
  2 iguanas
  22 orc wizards
  6 hell rats (Lair:2)
  2 mummies (Ossuary)
  8 adders
  12 gnolls
  A shadow imp (D:7)
  2 ufetubi
  3 worms
  4 dart slugs
  81 orcs
  8 endoplasms
  6 giant cockroaches
  9 goblins
  12 hobgoblins
  4 quokkas
  6 ball pythons
  13 bats
  4 frilled lizards
  2 goblin zombies (Ossuary)
  A hobgoblin skeleton (Crypt:2)
  9 hobgoblin zombies (Ossuary)
  37 kobolds
  14 kobold zombies (Ossuary)
  5 orc zombies (Ossuary)
  6 rats
  A rat zombie (Ossuary)
  A snaplasher vine (Shoals:4)
  2 tentacles (Shoals:3)
1081 creatures vanquished.

Vanquished Creatures (others)
  27 eldritch tentacles
  A draconian monk (Zot:5)
  An azure jelly (Lair:4)
  A draconian knight (Zot:2)
  An ironbound preserver (Vaults:5)
  An ettin (D:13)
  A boulder beetle (Lair:3)
  An ice dragon (Depths:4)
  5 hydras
  An ironbound frostheart (Vaults:3)
  A two-headed ogre (Orc:2)
  A catoblepas (Lair:3)
  A naga warrior (Snake:2)
  2 orc high priests (Orc:2)
  Urug (Lair:2)
  A hell knight (Depths:4)
  A deep elf knight (Elf:2)
  2 glowing orange brains
  A naga ritualist (Snake:4)
  A deep elf zephyrmancer (D:13)
  Pikel (D:5)
  2 orc knights (Orc:2)
  2 mana vipers
  A cyclops (D:13)
  Maurice (D:12)
  An elephant (Lair:2)
  A black mamba (Snake:1)
  2 torpor snails (Lair:5)
  A vault sentinel (Vaults:5)
  A naga mage (Snake:3)
  A gargoyle (D:13)
  A komodo dragon (Lair:2)
  A tyrant leech (Lair:5)
  2 trolls (D:10)
  6 hornets (Lair:5)
  A meliai (D:13)
  A polar bear (Lair:5)
  A blink frog (Lair:2)
  2 slime creatures
  2 wraiths (Orc:2)
  2 wyverns
  19 yaks
  3 basilisks
  2 vampire mosquitoes (D:11)
  A floating eye (Depths:1)
  2 water moccasins
  2 black bears
  8 orc warriors
  An ice beast (D:4)
  3 lemures (D:5)
  A kobold brigand (D:9)
  Blork the orc (D:5)
  A scorpion (D:5)
  3 wights (D:8)
  2 centaur zombies (Ossuary)
  3 human zombies (Ossuary)
  105 jellies
  3 orc priests (Orc:2)
  A bullfrog skeleton (Crypt:1)
  A gnoll bouda (D:7)
  2 orc wizards
  A hell rat (Lair:2)
  A mummy (Crypt:3)
  6 orcs
  31 fungi
  142 plants
  46 snaplasher vines
  8 tentacles
  A withered plant (Shoals:3)
485 creatures vanquished.

Grand Total: 2719 creatures vanquished

Notes
Turn   | Place    | Note
-------+----------+-------------------------------------------
     0 | D:1      | MacCMillion the Felid Summoner began the quest for the Orb.
     0 | D:1      | Reached XP level 1. HP: 7/7 MP: 4/4
    69 | D:1      | Found Oqiegimmu's Distillery.
   365 | D:1      | Found Puckad's Book Shoppe.
   591 | D:1      | Reached XP level 2. HP: 11/11 MP: 1/6
   646 | D:1      | Found Awodos's Assorted Antiques.
  1192 | D:1      | Reached XP level 3. HP: 14/14 MP: 6/8
  1417 | D:2      | Learned a level 3 spell: Call Canine Familiar
  1452 | D:2      | Found a white marble altar of Elyvilon.
  1490 | D:2      | Became a worshipper of Elyvilon the Healer
  1915 | D:2      | Found a faded altar of an unknown god.
  2290 | D:2      | Reached skill level 5 in Summonings
  2392 | D:2      | Reached XP level 4. HP: 18/18 MP: 4/9
  2498 | D:2      | Reached * piety under Elyvilon
  2502 | D:2      | Identified the ring "Mishreudio" {rC++ MP+9 AC+4 Str+6}
  2733 | D:2      | Learned a level 3 spell: Summon Guardian Golem
  2994 | D:3      | Noticed a phantom
  3052 | D:3      | Killed a phantom
  3053 | D:3      | Reached skill level 1 in Fighting
  3053 | D:3      | Reached skill level 1 in Hexes
  3053 | D:3      | Reached XP level 5. HP: 22/22 MP: 10/10
  3397 | D:3      | Found Miul's Antique Armour Emporium.
  3423 | D:3      | Reached ** piety under Elyvilon
  3884 | D:4      | Noticed a phantom
  3960 | D:4      | Killed a phantom
  3961 | D:4      | Gained mutation: You are covered in thick fur. (AC +2)
                  | [Felid growth]
  3961 | D:4      | Reached XP level 6. HP: 26/26 MP: 12/12
  4013 | D:4      | Noticed an ice beast
  4035 | D:4      | Killed an ice beast
  4036 | D:4      | Reached skill level 2 in Fighting
  4169 | D:4      | Found a sand-covered staircase.
  4173 | Ossuary  | Entered an ossuary
  4516 | Ossuary  | Reached XP level 7. HP: 30/30 MP: 13/13
  4705 | Ossuary  | Reached skill level 5 in Hexes
  4903 | D:4      | Found a large runed translucent door.
  4903 | D:4      | Found a large runed translucent door.
  5035 | D:4      | Reached *** piety under Elyvilon
  5043 | D:4      | Found a staircase to the Ecumenical Temple.
  5052 | Temple   | Entered the Ecumenical Temple
  5076 | Temple   | Fell from the grace of Elyvilon
  5076 | Temple   | Became a worshipper of Gozag Ym Sagoz the Greedy
  5151 | D:4      | Noticed ymhsbmbesitwf's ghost (novice FoFi)
  5179 | D:5      | Entered Level 5 of the Dungeon
  5241 | D:5      | Noticed Sigmund
  5309 | D:5      | Learned a level 4 spell: Summon Lightning Spire
  5355 | D:5      | Noticed Eustachio
  5367 | D:5      | Killed Eustachio
  5368 | D:5      | Reached skill level 3 in Fighting
  5421 | D:5      | Reached skill level 5 in Dodging
  5421 | D:5      | Reached skill level 1 in Air Magic
  5480 | D:5      | Noticed Blork the orc
  5494 | D:5      | Killed Blork the orc
  5495 | D:5      | Reached XP level 8. HP: 34/34 MP: 15/15
  6111 | D:5      | Noticed Pikel
  6337 | D:5      | Found a radiant altar of Vehumet.
  6790 | D:5      | Killed Pikel
  6791 | D:5      | Reached skill level 4 in Fighting
  6791 | D:5      | Reached skill level 5 in Spellcasting
  7281 | D:6      | Reached XP level 9. HP: 39/39 MP: 17/17
  8439 | D:6      | Found a hazy altar of Hepliaklqana.
  8440 | D:6      | Found a shadowy altar of Dithmenos.
  8764 | D:7      | Found a bloodstained altar of Trog.
  8924 | D:7      | Reached skill level 5 in Fighting
  9833 | D:7      | Reached skill level 5 in Air Magic
 10986 | D:8      | Reached XP level 10. HP: 45/45 MP: 20/20
 11508 | D:9      | Reached skill level 6 in Fighting
 11864 | D:9      | Found a staircase to the Lair.
 12108 | D:9      | Identified the ring of Juhees {Ice rElec Will- Str+3
                  | Slay+2}
 12795 | D:10     | Entered Level 10 of the Dungeon
 13179 | D:10     | Found a staircase to the Orcish Mines.
 13558 | D:10     | Noticed Gastronok
 14048 | D:4      | Found a staircase to the Ecumenical Temple.
 14265 | D:5      | Killed Sigmund
 14339 | D:5      | Reached skill level 7 in Fighting
 14780 | D:5      | Found a radiant altar of Vehumet.
 15143 | Lair:1   | Entered Level 1 of the Lair of Beasts
 15214 | Lair:1   | Noticed Sonja
 15244 | Lair:1   | Learned a level 5 spell: Summon Forest
 15247 | Lair:1   | Learned a level 2 spell: Blink
 15618 | Lair:1   | Reached XP level 11. HP: 50/50 MP: 22/22
 15623 | Lair:1   | Reached skill level 1 in Translocations
 16260 | Lair:1   | Killed Sonja
 16261 | Lair:1   | Reached skill level 10 in Dodging
 16688 | Lair:2   | Noticed Urug
 16700 | Lair:2   | Killed Urug
 16999 | Lair:2   | Found a staircase to the Snake Pit.
 17445 | Lair:2   | Reached skill level 5 in Translocations
 17529 | Lair:2   | Noticed a six-headed hydra
 17558 | Lair:2   | Reached skill level 8 in Fighting
 17636 | Lair:2   | Killed a six-headed hydra
 17732 | Lair:2   | Noticed a seven-headed hydra
 17732 | Lair:2   | Noticed a lindwurm
 17732 | Lair:2   | Noticed an eight-headed hydra
 17792 | Lair:2   | Killed a lindwurm
 17808 | Lair:2   | Killed an eight-headed hydra
 17955 | Lair:2   | Killed a seven-headed hydra
 17956 | Lair:2   | Reached skill level 10 in Summonings
 17956 | Lair:2   | Gained mutation: Your thick and shaggy fur keeps you warm.
                  | (AC +3, rC+) [Felid growth]
 17956 | Lair:2   | Reached XP level 12. HP: 54/56 MP: 21/25
 18958 | Lair:2   | Found a staircase to the Shoals.
 19196 | Lair:3   | Reached skill level 9 in Fighting
 19438 | Lair:3   | Noticed a boulder beetle
 19458 | Lair:3   | Killed a boulder beetle
 19815 | Lair:3   | Found a transporter.
 19860 | Lair:3   | Noticed IndexError's ghost (journeyman GnHW)
 19907 | Lair:3   | Found a transporter.
 20166 | Lair:3   | Noticed a catoblepas
 20166 | Lair:3   | Noticed a catoblepas
 20187 | Lair:3   | Killed a catoblepas
 20252 | Lair:3   | Killed a catoblepas
 20673 | Lair:3   | Bought the Precepts of Loathsome Breath for 768 gold pieces
 20681 | Lair:3   | Learned a level 7 spell: Storm Form
 20771 | Lair:4   | Reached skill level 10 in Translocations
 20771 | Lair:4   | Reached skill level 1 in Transmutations
 20825 | Lair:4   | Found a staircase to the Slime Pits.
 20825 | Lair:4   | Found a viscous altar of Jiyva.
 20951 | Lair:4   | Identified the +7 short sword of Sequestration {vorpal,
                  | rPois}
 21158 | Lair:4   | Noticed an azure jelly
 21175 | Lair:4   | Killed an azure jelly
 21176 | Lair:4   | Reached XP level 13. HP: 56/61 MP: 18/26
 21954 | Lair:5   | Entered Level 5 of the Lair of Beasts
 22053 | Lair:5   | Reached skill level 5 in Transmutations
 22974 | Lair:5   | Found a runed translucent door.
 22974 | Lair:5   | Noticed a fire dragon
 23939 | Lair:5   | Killed a fire dragon
 23940 | Lair:5   | Reached skill level 10 in Transmutations
 24297 | Orc:1    | Entered Level 1 of the Orcish Mines
 24686 | Orc:1    | Noticed Erica
 24697 | Orc:1    | Killed Erica
 24783 | Orc:1    | Noticed Jorgrun
 24955 | Orc:1    | Killed Jorgrun
 25174 | Orc:2    | Entered Level 2 of the Orcish Mines
 25195 | Orc:2    | Noticed Josephine
 25206 | Orc:2    | Killed Josephine
 25990 | Orc:2    | Found a staircase to the Elven Halls.
 27631 | Orc:2    | Reached XP level 14. HP: 65/65 MP: 25/28
 27897 | Orc:2    | Noticed Donald
 27919 | Orc:2    | Killed Donald
 28267 | Orc:2    | Found Vyciyr's Antique Armour Emporium.
 28270 | Orc:2    | Found Teokin's Magic Scroll Shoppe.
 28271 | Orc:2    | Found Witufer's Distillery.
 28272 | Orc:2    | Found Usyfum's General Store.
 28275 | Orc:2    | Bought a potion of cancellation for 104 gold pieces
 28276 | Orc:2    | Bought a scroll of acquirement for 780 gold pieces
 28280 | Orc:2    | Acquired the ring of the Empire {Ice Dex+3 Slay+2}
 28289 | Orc:2    | Found Usyfum's General Store.
 28290 | Orc:2    | Found Vyciyr's Antique Armour Emporium.
 28363 | Orc:2    | Found a staircase to the Elven Halls.
 29384 | D:10     | Killed Gastronok
 30219 | D:11     | Reached skill level 10 in Spellcasting
 30382 | D:11     | Noticed Grum
 30388 | D:11     | Killed Grum
 30477 | D:11     | Found a runed translucent door.
 30621 | D:11     | Noticed Harold
 30633 | D:11     | Killed Harold
 30686 | D:11     | Found a basalt altar of Yredelemnul.
 30878 | D:11     | Noticed Fannar
 30890 | D:11     | Killed Fannar
 31132 | D:12     | Found Veastedgh's Antique Armour Boutique.
 31304 | D:12     | Noticed Maurice
 31331 | D:12     | Killed Maurice
 32269 | D:13     | Identified the ring of Vutuy {*Corrode rPois Dex+3 SInv}
 32589 | D:13     | Reached skill level 10 in Air Magic
 32632 | D:13     | Noticed a tengu reaver
 32645 | D:13     | HP: 1/59 [tengu reaver/bolt of negative energy (58)]
 32648 | D:13     | Killed a tengu reaver
 34119 | D:13     | Identified the +9 great mace of Urgency {venom, +Blink
                  | rElec}
 34281 | D:13     | Identified the amulet "Ponuwk" {RegenMP rPois}
 35150 | D:13     | Identified the +1 pair of gloves of the Nightingale {Harm
                  | +Blink}
 35178 | D:13     | Reached XP level 15. HP: 65/69 MP: 30/30
 35575 | D:13     | Noticed a fire giant
 35935 | D:13     | Killed a fire giant
 36408 | D:13     | Found the +12 glaive of Prune {vorpal}
 36888 | D:1      | Bought a manual of Dodging for 960 gold pieces
 37455 | D:14     | Reached skill level 10 in Fighting
 37657 | Orc:2    | Bought a scroll of identify for 30 gold pieces
 37657 | Orc:2    | Bought a scroll of identify for 30 gold pieces
 37657 | Orc:2    | Bought a scroll of identify for 30 gold pieces
 38544 | D:14     | Learned a level 5 spell: Manifold Assault
 39583 | D:14     | Found an iron altar of Okawaru.
 39935 | D:14     | Found a gate to the Vaults.
 40513 | D:15     | Entered Level 15 of the Dungeon
 41839 | D:15     | Found a staircase to the Depths.
 42726 | D:15     | Reached skill level 15 in Dodging
 43341 | Snake:1  | Entered Level 1 of the Snake Pit
 43352 | Snake:1  | Found a transporter.
 43357 | Snake:1  | Noticed a tentacled starspawn
 43359 | Snake:1  | Noticed a Hell Sentinel
 43359 | Snake:1  | You are sucked into a shaft and drop 1 floor!
 43637 | Snake:2  | Reached skill level 15 in Transmutations
 43723 | Snake:2  | Reached skill level 11 in Fighting
 43927 | Snake:2  | Found Vegim's Neck Hole.
 44069 | Snake:1  | Reached XP level 16. HP: 75/75 MP: 24/31
 44106 | Snake:1  | Found a one-way gate to the infinite horrors of the Abyss.
 44115 | Snake:1  | Noticed Huamaowo's ghost (journeyman MiBe)
 44383 | Snake:1  | Found a transporter.
 45357 | Snake:2  | Found Sydydisawn's Assorted Antiques.
 45365 | Snake:2  | Bought a scroll labelled ESHROL HORAE for 21 gold pieces
 45514 | Snake:2  | Identified the +5 spear "Ikobir" {venom, rF+ Will+ Str+4
                  | Int-5}
 47744 | Snake:4  | Entered Level 4 of the Snake Pit
 47775 | Snake:4  | Reached skill level 12 in Fighting
 47872 | Snake:4  | Found Peuphuun's Weapon Shoppe.
 48094 | Snake:4  | Found Nisiph's CLEARANCE SALE!.
 48321 | Snake:4  | Found a runed translucent gate.
 48321 | Snake:4  | Found a runed translucent gate.
 48341 | Snake:4  | Noticed Razfen's ghost (adept GnWn)
 48354 | Snake:4  | Found a runed translucent gate.
 48725 | Snake:3  | Gained mutation: You are occasionally teleported next to
                  | monsters. [mutagenic glow]
 49847 | Snake:3  | Lost mutation: You are occasionally teleported next to
                  | monsters. [potion of mutation]
 49847 | Snake:3  | Gained mutation: You sometimes lose your temper in combat.
                  | [potion of mutation]
 49847 | Snake:3  | Gained mutation: You have hidden genetic potential. [potion
                  | of mutation]
 49848 | Snake:3  | Lost mutation: You sometimes lose your temper in combat.
                  | [potion of mutation]
 49848 | Snake:3  | Lost mutation: You have hidden genetic potential. [potion
                  | of mutation]
 49848 | Snake:3  | Gained mutation: You sometimes lose your temper in combat.
                  | [potion of mutation]
 49849 | Snake:3  | Lost mutation: You sometimes lose your temper in combat.
                  | [potion of mutation]
 49849 | Snake:3  | Gained mutation: You are frail. (-10% HP) [potion of
                  | mutation]
 49849 | Snake:3  | Gained mutation: You have a somewhat thin skeletal
                  | structure. (Dex +2, Stealth+) [potion of mutation]
 49849 | Snake:3  | Gained mutation: You possess an exceptional clarity of
                  | mind. [potion of mutation]
 49849 | Snake:3  | Gained mutation: You are strong-willed. (Will+) [potion of
                  | mutation]
 50196 | Snake:4  | Reached XP level 17. HP: 72/72 MP: 32/32
 50368 | Snake:4  | Reached skill level 13 in Fighting
 52345 | Snake:4  | Got a serpentine rune of Zot
 52958 | Shoals:1 | Entered Level 1 of the Shoals
 53048 | Shoals:1 | Found Mysath's Armour Shop.
 53220 | Shoals:1 | Reached skill level 1 in Unarmed Combat
 55812 | Shoals:2 | Reached skill level 14 in Fighting
 56338 | Shoals:3 | Noticed a kraken
 56348 | Shoals:3 | Killed a kraken
 56453 | Shoals:3 | Noticed Aizul
 56469 | Shoals:3 | Killed Aizul
 56529 | Shoals:3 | Reached skill level 5 in Unarmed Combat
 56802 | Shoals:3 | Reached XP level 18. HP: 78/78 MP: 33/33
 56805 | Shoals:3 | Found Enevorghakh's Weapon Boutique.
 57299 | Shoals:3 | Learned a level 6 spell: Summon Cactus Giant
 57542 | Shoals:4 | Entered Level 4 of the Shoals
 58003 | Shoals:4 | Identified the +10 chain mail of the Twisting Gods {rElec
                  | Dex+3 Stlth+}
 60273 | Shoals:4 | Got a barnacled rune of Zot
 60773 | Elf:1    | Entered Level 1 of the Elven Halls
 61404 | Elf:1    | Identified the +0 pair of boots "Ededaop" {Stlth+}
 61416 | Elf:1    | Reached skill level 15 in Air Magic
 61511 | Elf:1    | Found Manane's Antique Weapon Shop.
 61532 | Elf:1    | Found Morghad's Armour Shop.
 61532 | Elf:1    | Found Rion's Magic Scroll Boutique.
 61539 | Elf:1    | Found Winapt's Weapon Boutique.
 61550 | Elf:1    | Bought a scroll of blinking for 112 gold pieces
 62687 | Elf:2    | Found a crumbling gateway.
 62729 | Elf:2    | Reached XP level 19. HP: 52/82 MP: 14/34
 63080 | Elf:2    | Reached skill level 15 in Fighting
 63100 | Desolati | Entered the Desolation of Salt
 63147 | Desolati | Identified the ring "Bimirchin" {rPois rN+ SInv}
 63475 | Elf:2    | Noticed Asterion
 63488 | Elf:2    | Killed Asterion
 63617 | Elf:2    | Found a flickering gateway to a bazaar.
 63637 | Bazaar   | Entered a bazaar
 63639 | Bazaar   | Found Osig's Book Boutique.
 63643 | Bazaar   | Found Sih Bum's Armour Shop.
 63665 | Bazaar   | Found Ubuni's Antique Armour Shoppe.
 63674 | Bazaar   | Found Wissuram's Book Emporium.
 63919 | Elf:2    | Identified the +1 robe "Zog Oqoineg" {*Corrode Int-4 Dex+4
                  | Slay+3}
 63979 | Elf:2    | Found a runed translucent gate.
 63979 | Elf:2    | Found a runed translucent gate.
 63979 | Elf:2    | Found a runed translucent gate.
 64270 | Elf:3    | Entered Level 3 of the Elven Halls
 64550 | Elf:3    | Reached skill level 10 in Unarmed Combat
 64568 | Elf:3    | Noticed Saint Roka
 64696 | Elf:3    | Noticed a golden dragon
 64706 | Elf:3    | Noticed an iron giant
 64706 | Elf:3    | a golden dragon changed into an iron giant
 65369 | Elf:3    | Killed Saint Roka
 66558 | Elf:3    | Identified the ring of Ipuad {Fly EV+4}
 67661 | Elf:3    | Reached skill level 15 in Translocations
 68549 | Elf:3    | Identified the +0 pair of boots of Action {+Inv}
 68568 | Elf:3    | Found the +18 shield of the Gong {rElec rN+ Will+ EV-5}
 68596 | Elf:3    | Got the Incunable of Fetching Transmigration
 68964 | Vaults:1 | Entered Level 1 of the Vaults
 69339 | Vaults:1 | Reached XP level 20. HP: 87/87 MP: 21/35
 71246 | Vaults:2 | Reached skill level 16 in Fighting
 72967 | Vaults:2 | Found a staircase to the Crypt.
 73016 | Vaults:2 | Identified the +2 robe of the Stag {Will++ Str+8 Int-2}
 73347 | Vaults:3 | Noticed Nikola
 73762 | Vaults:3 | Learned a level 7 spell: Malign Gateway
 73869 | Vaults:3 | Noticed Sojobo
 73880 | Vaults:3 | Killed Sojobo
 75437 | Vaults:3 | Noticed Mennas
 75522 | Vaults:3 | Killed Nikola
 76289 | Vaults:3 | Reached XP level 21. HP: 88/92 MP: 35/38
 76470 | Vaults:3 | Reached skill level 15 in Summonings
 76681 | Vaults:3 | Noticed Jory
 76715 | Vaults:3 | Killed Mennas
 76716 | Vaults:3 | Reached skill level 17 in Fighting
 76726 | Vaults:3 | Killed Jory
 78541 | Vaults:4 | Found Narafuag's Jewellery Boutique.
 78547 | Vaults:4 | Bought a potion of magic for 168 gold pieces
 78547 | Vaults:4 | Bought a potion of haste for 210 gold pieces
 78937 | Vaults:4 | Reached skill level 18 in Fighting
 80342 | Vaults:4 | Reached skill level 19 in Fighting
 80575 | Vaults:4 | Noticed an ancient lich
 80588 | Vaults:4 | Killed an ancient lich
 81124 | Vaults:4 | Found the +5 glaive of the Guard {elec, spectral, AC+5}
 81839 | Orc:2    | Bought a scroll of silence for 142 gold pieces
 81840 | Orc:2    | Bought a potion of heal wounds for 65 gold pieces
 81840 | Orc:2    | Bought a potion of mutation for 104 gold pieces
 82087 | D:1      | Bought a scroll of fear for 112 gold pieces
 82087 | D:1      | Bought a potion of haste for 280 gold pieces
 82099 | D:1      | Bought the ring "Afaih" {rPois rN+ Str+6 Int+3 Dex+5} for
                  | 1295 gold pieces
 82109 | D:1      | Bought a potion of cancellation for 144 gold pieces
 82109 | D:1      | Bought 2 potions of resistance for 360 gold pieces
 82109 | D:1      | Bought a potion of resistance for 180 gold pieces
 82109 | D:1      | Bought a potion of magic for 144 gold pieces
 82109 | D:1      | Bought a potion of mutation for 144 gold pieces
 82461 | Lair:4   | Fell from the grace of Gozag
 82461 | Lair:4   | Became a worshipper of Jiyva Jynkux the Shapeless
 82837 | Crypt:1  | Entered Level 1 of the Crypt
 83088 | Crypt:1  | Reached skill level 20 in Fighting
 83463 | Crypt:1  | Reached XP level 22. HP: 102/102 MP: 40/40
 83464 | Crypt:1  | Reached * piety under Jiyva
 83647 | Crypt:1  | Found a basalt altar of Yredelemnul.
 84491 | Crypt:2  | HP: 1/101 [reaper/+3 scythe of venom (44)]
 84788 | Crypt:2  | Reached ** piety under Jiyva
 85041 | Crypt:2  | Learned a level 7 spell: Summon Hydra
 85042 | Crypt:3  | Entered Level 3 of the Crypt
 85496 | Crypt:3  | Noticed an ancient lich
 85516 | Crypt:3  | Killed an ancient lich
 85548 | Crypt:3  | Found an ancient bone altar of Kikubaaqudgha.
 85668 | Crypt:3  | Noticed Khufu
 85672 | Crypt:3  | Noticed a royal mummy
 85688 | Crypt:3  | Killed Khufu
 85816 | Crypt:3  | Reached skill level 21 in Fighting
 85823 | Crypt:3  | Noticed a royal mummy
 86028 | Crypt:3  | Slain by an emperor scorpion
 86029 | Crypt:3  | Reached XP level 21. HP: -3/99 MP: 23/48
 86040 | Crypt:3  | HP: 2/99 [death scarab[Khufu] (20)]
 86196 | Crypt:3  | Killed a royal mummy
 86348 | Crypt:3  | Found a staircase to the Tomb.
 86358 | Tomb:1   | Entered Level 1 of the Tomb of the Ancients
 86678 | Tomb:1   | Reached *** piety under Jiyva
 86679 | Tomb:1   | Identified the +3 dagger of the Candle {venom, Str+3}
 86776 | Tomb:1   | Reached XP level 22. HP: 45/104 MP: 25/40
 86942 | Crypt:3  | Gained mutation: Your rubbery body absorbs attacks. (AC +1,
                  | EV +1) [Jiyva's grace]
 86942 | Crypt:3  | Gained mutation: Your pliable body absorbs attacks. (AC +2,
                  | EV +2) [Jiyva's grace]
 86942 | Crypt:3  | Gained mutation: Your gelatinous body deflects attacks. (AC
                  | +3, EV +3) [Jiyva's grace]
 86942 | Crypt:3  | Lost mutation: You are frail. (-10% HP) [Jiyva's grace]
 87460 | Crypt:1  | Found an ancient bone altar of Kikubaaqudgha.
 87692 | Depths:1 | Entered Level 1 of the Depths
 88021 | Depths:1 | Found a gateway to Hell.
 88226 | Depths:1 | Reached **** piety under Jiyva
 88475 | Depths:1 | Found a one-way gate leading to the halls of Pandemonium.
 88700 | Depths:1 | Found Seit's Jewellery Shoppe.
 88700 | Depths:1 | Found Feryuschi's Book Shop.
 88701 | Depths:1 | Found Inyx's Jewellery Shoppe.
 88850 | Depths:1 | Identified the ring of Ynytah {rF+ Will- rCorr Str+2 Dex+6}
 89005 | Depths:2 | Found Ducwywk's Antique Weapon Boutique.
 89240 | Depths:2 | Found a corrupted altar of Lugonu.
 89311 | Depths:2 | Reached skill level 15 in Unarmed Combat
 89396 | Depths:2 | Was forgiven by Gozag
 89539 | Depths:2 | Reached ***** piety under Jiyva
 89711 | Depths:2 | Found a sacrificial altar of Ru.
 89761 | Depths:2 | Found a glowing golden altar of the Shining One.
 90256 | Depths:3 | Found a magical portal.
 90294 | Depths:3 | Learned a level 2 spell: Wereblood
 90295 | WizLab   | Entered Wucad Mu's Monastery
 90519 | WizLab   | Found the +9 staff of Wucad Mu {*channel}
 90682 | WizLab   | Reached XP level 23. HP: 120/120 MP: 41/41
 90884 | Depths:3 | Found a one-way gateway to a ziggurat.
 90977 | Depths:3 | Lost mutation: You have a somewhat thin skeletal structure.
                  | (Dex +2, Stealth+) [Jiyva's grace]
 90977 | Depths:3 | Lost mutation: You possess an exceptional clarity of mind.
                  | [Jiyva's grace]
 90977 | Depths:3 | Gained mutation: Your translucent skin slightly reduces
                  | your foes' accuracy. (Stealth+) [Jiyva's grace]
 90977 | Depths:3 | Gained mutation: Your translucent skin reduces your foes'
                  | accuracy. (Stealth+) [Jiyva's grace]
 90977 | Depths:3 | Gained mutation: Your transparent skin significantly
                  | reduces your foes' accuracy. (Stealth+) [Jiyva's grace]
 90977 | Depths:3 | Gained mutation: You have a small jelly attached to you
                  | that may absorb projectiles. [Jiyva's grace]
 91270 | Depths:3 | Found Laipte Rininn's Jewellery Boutique.
 91727 | Depths:4 | Entered Level 4 of the Depths
 91727 | Depths:4 | Noticed Louise
 91815 | Depths:4 | Reached XP level 24. HP: 124/124 MP: 42/42
 91818 | Depths:4 | Killed Louise
 92218 | Depths:4 | Noticed Margery
 92251 | Depths:4 | Killed Margery
 92448 | Depths:4 | Found Liezej's Jewellery Shoppe.
 92450 | Depths:4 | Found Romatam's Book Emporium.
 92453 | Depths:4 | Found Achoerul's Weapon Shoppe.
 92657 | Depths:4 | Reached skill level 15 in Spellcasting
 92665 | Depths:4 | Found a gate to the Realm of Zot.
 93615 | Vaults:5 | Entered Level 5 of the Vaults
 93717 | Vaults:5 | Noticed an ancient lich
 93727 | Vaults:5 | Killed an ancient lich
 93793 | Vaults:5 | Reached ****** piety under Jiyva
 93925 | Vaults:5 | Reached skill level 22 in Fighting
 93950 | Vaults:5 | Identified the +6 flail "Cualeohy" {vorpal, rPois rF-
                  | Dex+7}
 94058 | Vaults:5 | Lost mutation: Your gelatinous body deflects attacks. (AC
                  | +3, EV +3) [Jiyva's grace]
 94058 | Vaults:5 | Gained mutation: Your melee attacks may engulf your foes in
                  | ooze. [Jiyva's grace]
 94058 | Vaults:5 | Gained mutation: You are somewhat resistant to further
                  | mutation. [Jiyva's grace]
 94058 | Vaults:5 | Gained mutation: You are somewhat resistant to both further
                  | mutation and mutation removal. [Jiyva's grace]
 94058 | Vaults:5 | Gained mutation: You are almost entirely resistant to
                  | further mutation and mutation removal. [Jiyva's grace]
 94062 | Vaults:5 | Noticed a dread lich
 94075 | Vaults:5 | Killed a dread lich
 94222 | Vaults:5 | Identified the ring of the Cricket {rC+ Slay+4}
 94232 | Vaults:5 | Reached skill level 23 in Fighting
 94282 | Vaults:5 | Reached XP level 25. HP: 132/132 MP: 43/43
 94320 | Vaults:5 | Got a silver rune of Zot
 94391 | Vaults:5 | Identified the +6 arbalest of Saaseydo {penet, Will+ Int+2}
 94904 | Vaults:5 | Identified the ring "Icvoelok" {Drain rElec Will+ Str+6
                  | Int+4}
 95893 | Slime:1  | Entered Level 1 of the Pits of Slime
 95977 | Slime:5  | Entered Level 5 of the Pits of Slime
 95995 | Slime:5  | Found a viscous altar of Jiyva.
 95995 | Slime:5  | Noticed the Royal Jelly
 95996 | Slime:5  | Found the brooch of Shielding {Spirit SH+8}
 96003 | Slime:5  | Got a slimy rune of Zot
 96004 | Slime:5  | Identified the +1 leather armour of the Chewing Gods
                  | {Rampage Dex+6}
 96012 | Slime:5  | Identified the amulet "Uxtizok" {rPois rF- Regen+ rCorr
                  | Dex+3}
 96014 | Slime:5  | Got Sif Muna's Anthology of Transforming Displacement
 96023 | Slime:5  | Got the Codex of Compression
 96035 | Slime:5  | Identified the +4 shortbow of Wu Jian's Delight {speed,
                  | rElec Str+3 Int+2 SInv}
 96044 | Slime:5  | Identified the +0 pair of gloves "Uwnayqagg" {Rampage *Slow
                  | rElec Dex+7 Stlth+}
 96671 | Zot:1    | Entered Level 1 of the Realm of Zot
 96720 | Zot:1    | Learned a level 8 spell: Summon Horrible Things
 97651 | Zot:2    | Killed from afar by a red draconian scorcher
 97652 | Zot:2    | Reached XP level 24. HP: -5/128 MP: 52/52
 97966 | Zot:2    | Lost mutation: You are almost entirely resistant to further
                  | mutation and mutation removal. [Jiyva's grace]
 97966 | Zot:2    | Lost mutation: You are somewhat resistant to both further
                  | mutation and mutation removal. [Jiyva's grace]
 97966 | Zot:2    | Lost mutation: Your pliable body absorbs attacks. (AC +2,
                  | EV +2) [Jiyva's grace]
 97966 | Zot:2    | Lost mutation: Your transparent skin significantly reduces
                  | your foes' accuracy. (Stealth+) [Jiyva's grace]
 97966 | Zot:2    | Lost mutation: You have a small jelly attached to you that
                  | may absorb projectiles. [Jiyva's grace]
 97966 | Zot:2    | Gained mutation: You expend magic power (3 MP) to
                  | strengthen your wands. [Jiyva's grace]
 97966 | Zot:2    | Gained mutation: Your mind is acute. (Int +4, Str/Dex -1)
                  | [Jiyva's grace]
 97966 | Zot:2    | Gained mutation: Your mind is very acute. (Int +8, Str/Dex
                  | -2) [Jiyva's grace]
 97966 | Zot:2    | Gained mutation: You are resistant to electric shocks.
                  | (rElec) [Jiyva's grace]
 98252 | Zot:2    | Identified the +9 war axe of Fear {freeze, rElec rCorr
                  | Str-2 Int-5}
 99198 | Zot:3    | Noticed an orb of fire
 99212 | Zot:3    | Gained mutation: You occasionally shout uncontrollably at
                  | your foes. [an orb of fire]
 99216 | Zot:3    | Killed an orb of fire
100206 | Zot:4    | Noticed Vv
100223 | Zot:4    | Killed Vv
100506 | Zot:4    | Lost mutation: Your mind is very acute. (Int +8, Str/Dex
                  | -2) [Jiyva's grace]
100506 | Zot:4    | Lost mutation: You are somewhat resistant to further
                  | mutation. [Jiyva's grace]
100506 | Zot:4    | Lost mutation: You occasionally shout uncontrollably at
                  | your foes. [Jiyva's grace]
100506 | Zot:4    | Lost mutation: Your translucent skin reduces your foes'
                  | accuracy. (Stealth+) [Jiyva's grace]
100506 | Zot:4    | Lost mutation: Your translucent skin slightly reduces your
                  | foes' accuracy. (Stealth+) [Jiyva's grace]
100506 | Zot:4    | Gained mutation: Your body has grown eyes which may confuse
                  | attackers. (Acc +3) [Jiyva's grace]
100506 | Zot:4    | Gained mutation: Your body has grown many eyes which may
                  | confuse attackers. (Acc +5) [Jiyva's grace]
100506 | Zot:4    | Gained mutation: Your body is covered in eyes which may
                  | confuse attackers. (Acc +7, SInv) [Jiyva's grace]
100506 | Zot:4    | Gained mutation: You have acidic saliva. [Jiyva's grace]
100639 | Zot:4    | Identified the +0 chain mail "Toopruwn" {rC+ rN+}
100854 | Zot:5    | Entered Level 5 of the Realm of Zot
101624 | Zot:5    | Noticed an orb of fire
101626 | Zot:5    | Lost mutation: You expend magic power (3 MP) to strengthen
                  | your wands. [an orb of fire]
101638 | Zot:5    | Killed an orb of fire
101639 | Zot:5    | Reached XP level 25. HP: 109/132 MP: 11/43
101798 | Zot:5    | Noticed a Killer Klown
101814 | Zot:5    | Killed a Killer Klown
101993 | Zot:5    | Noticed a dread lich
102001 | Zot:5    | Killed a dread lich
102071 | Zot:5    | Noticed an ancient lich
102073 | Zot:5    | Noticed an orb of fire
102075 | Zot:5    | Gained mutation: You occasionally shout uncontrollably at
                  | your foes. [an orb of fire]
102075 | Zot:5    | Gained mutation: Your body sometimes deteriorates upon
                  | taking damage. [an orb of fire]
102082 | Zot:5    | Killed an orb of fire
102122 | Zot:5    | Noticed an orb of fire
102123 | Zot:5    | Gained mutation: You are occasionally teleported next to
                  | monsters. [an orb of fire]
102131 | Zot:5    | Gained mutation: You sometimes lose your temper in combat.
                  | [an orb of fire]
102133 | Zot:5    | Killed an orb of fire
102203 | Zot:5    | Noticed a Killer Klown
102208 | Zot:5    | Noticed a dread lich
102220 | Zot:5    | Killed a dread lich
102222 | Zot:5    | Killed a Killer Klown
102244 | Zot:5    | Noticed a dread lich
102251 | Zot:5    | Killed a dread lich
102286 | Zot:5    | Noticed a dread lich
102286 | Zot:5    | Noticed an orb of fire
102287 | Zot:5    | Noticed a Killer Klown
102289 | Zot:5    | Gained mutation: Your magical capacity is low. (-10% MP)
                  | [an orb of fire]
102293 | Zot:5    | Killed a dread lich
102300 | Zot:5    | Killed an orb of fire
102300 | Zot:5    | Killed a Killer Klown
102306 | Zot:5    | Killed an ancient lich
102311 | Zot:5    | Reached skill level 24 in Fighting
102318 | Zot:5    | Noticed a Killer Klown
102351 | Zot:5    | HP: 2/135 [green draconian monk[a white draconian
                  | stormcaller] (17)]
102351 | Zot:5    | Slain by a green draconian monk
102352 | Zot:5    | Reached XP level 24. HP: -2/130 MP: 21/47
102495 | Zot:5    | Killed a Killer Klown
102497 | Zot:5    | Lost mutation: Your rubbery body absorbs attacks. (AC +1,
                  | EV +1) [potion of mutation]
102497 | Zot:5    | Lost mutation: You sometimes lose your temper in combat.
                  | [potion of mutation]
102497 | Zot:5    | Gained mutation: Your spells are a little harder to cast,
                  | but a little more powerful. [potion of mutation]
102497 | Zot:5    | Gained mutation: Your system is resistant to poisons.
                  | (rPois) [potion of mutation]
102498 | Zot:5    | Lost mutation: Your mind is acute. (Int +4, Str/Dex -1)
                  | [potion of mutation]
102498 | Zot:5    | Lost mutation: Your system is resistant to poisons. (rPois)
                  | [potion of mutation]
102498 | Zot:5    | Gained mutation: You are agile. (Dex +4, Str/Int -1)
                  | [potion of mutation]
102507 | Zot:5    | Lost mutation: Your magical capacity is low. (-10% MP)
                  | [potion of mutation]
102507 | Zot:5    | Lost mutation: You are strong-willed. (Will+) [potion of
                  | mutation]
102507 | Zot:5    | Lost mutation: Your body sometimes deteriorates upon taking
                  | damage. [potion of mutation]
102507 | Zot:5    | Gained mutation: Your muscles are strong. (Str +4, Int/Dex
                  | -1) [potion of mutation]
102507 | Zot:5    | Gained mutation: You are very agile. (Dex +8, Str/Int -2)
                  | [potion of mutation]
102508 | Zot:5    | Lost mutation: You occasionally shout uncontrollably at
                  | your foes. [potion of mutation]
102508 | Zot:5    | Lost mutation: Your body is covered in eyes which may
                  | confuse attackers. (Acc +7, SInv) [potion of mutation]
102508 | Zot:5    | Lost mutation: Your body has grown many eyes which may
                  | confuse attackers. (Acc +5) [potion of mutation]
102509 | Zot:5    | Lost mutation: Your muscles are strong. (Str +4, Int/Dex
                  | -1) [potion of mutation]
102509 | Zot:5    | Lost mutation: Your body has grown eyes which may confuse
                  | attackers. (Acc +3) [potion of mutation]
102509 | Zot:5    | Gained mutation: You have hidden genetic defects. [potion
                  | of mutation]
102509 | Zot:5    | Gained mutation: You are partially covered in iridescent
                  | scales. (AC +2) [potion of mutation]
102510 | Zot:5    | Lost mutation: Your melee attacks may engulf your foes in
                  | ooze. [potion of mutation]
102510 | Zot:5    | Lost mutation: You are occasionally teleported next to
                  | monsters. [potion of mutation]
102510 | Zot:5    | Lost mutation: Your spells are a little harder to cast, but
                  | a little more powerful. [potion of mutation]
102510 | Zot:5    | Gained mutation: Your mind is acute. (Int +4, Str/Dex -1)
                  | [potion of mutation]
102510 | Zot:5    | Gained mutation: Your flesh is heat resistant. (rF+)
                  | [potion of mutation]
102511 | Zot:5    | Lost mutation: You are very agile. (Dex +8, Str/Int -2)
                  | [potion of mutation]
102511 | Zot:5    | Lost mutation: You are agile. (Dex +4, Str/Int -1) [potion
                  | of mutation]
102511 | Zot:5    | Lost mutation: Your mind is acute. (Int +4, Str/Dex -1)
                  | [potion of mutation]
102511 | Zot:5    | Gained mutation: You possess an exceptional clarity of
                  | mind. [potion of mutation]
102515 | Zot:5    | Lost mutation: You are partially covered in iridescent
                  | scales. (AC +2) [potion of mutation]
102515 | Zot:5    | Lost mutation: You have hidden genetic defects. [potion of
                  | mutation]
102515 | Zot:5    | Lost mutation: You possess an exceptional clarity of mind.
                  | [potion of mutation]
102515 | Zot:5    | Gained mutation: You are partially covered in iridescent
                  | scales. (AC +2) [potion of mutation]
102515 | Zot:5    | Gained mutation: Your mind is acute. (Int +4, Str/Dex -1)
                  | [potion of mutation]
102515 | Zot:5    | Gained mutation: You expend magic power (3 MP) to
                  | strengthen your wands. [potion of mutation]
102569 | Zot:5    | Reached skill level 25 in Fighting
102657 | Zot:5    | Got the Orb of Zot
102905 | Depths:4 | Noticed Zemer the pandemonium lord
102917 | Depths:4 | Killed Zemer the pandemonium lord
102998 | Depths:3 | Noticed Buinyp the pandemonium lord
103012 | Depths:3 | Slain by Buinyp the pandemonium lord

Illustrated notes

Levels and vault maps discovered:
D:1:      wander_arrival_fairy_ring, layout_loops_ring, serial_shops, shop,
          nicolae_shop_waterfront, nicolae_diamond_shop, minmay_tall_x
D:2:      minmay_chambers_of_ones, layout_loops_ring,
          hellmonk_ecumenical_altar_blasted, basic_altar
D:3:      layout_basic, serial_shops, nicolae_shop_behind_doors
D:4:      layout_rooms, temple_hall, enter_ossuary_5,
          ebering_ghost_disaster_area
D:5:      cheibrodos_thug_alley, layout_gridville, vehumet_statue,
          minmay_misc_feat_ornament, uniq_eustachio, uniq_sigmund, uniq_pikel,
          uniq_blork_the_orc
D:6:      layout_basic, riverfiend_overflow_shadow_ancestor
D:7:      layout_loops_corners, nicolae_overflow_hidden_temple
D:8:      layout_rooms
D:9:      layout_stronghold, lair_entry_dummy, feat_on_display
D:10:     layout_rooms, hiddenorc2_lemuel, uniq_gastronok
D:11:     layout_cave_pods, gauntlet_entry_generic, nicolae_danse_macabre,
          uniq_harold, uniq_grum, uniq_fannar
D:12:     layout_roguey, serial_shops, nicolae_shop_hallway_stairs, uniq_maurice
D:13:     minmay_complete_graph, layout_cave_pools, minmay_guarded_unrand_prune
D:14:     layout_layer_cave, grunt_vaults_entry_fortified, minmay_crystal_water,
          okawaru_altar_gauntlet_db
D:15:     hangedman_depths_entry_civil_slaughter, layout_layer_cave,
          nicolae_wwwww
Temple:   compressed_dpeg_circular_temple
Lair:1:   layout_cellular_growth, uniq_sonja
Lair:2:   layout_layer_cave, minmay_shoals_entry_hut, dummy_snake_entry,
          minmay_shattered_shrine, uniq_urug
Lair:3:   nzn_motion_control, layout_regular_city,
          gammafunk_ghost_berserking_beasts, infiniplex_staircase_pool,
          serial_bayou_shore_b
Lair:4:   layout_roguey, slime_entry_1, nicolae_lair_time_for_slime,
          lemuel_fruit_fields
Lair:5:   wormcave, layout_gridlike, dreamdust_gnoll_shepherd,
          infiniplex_staircase_pool_2
Shoals:1: cheibrodos_shoals_oceanic_diplomacy, layout_shoals, serial_shops,
          nicolae_shop_stone
Shoals:2: layout_shoals
Shoals:3: layout_shoals, serial_shops, shop_statue, argonaut_gorgonesque,
          uniq_aizul
Shoals:4: shoals_end_simple, layout_shoals
Snake:1:  layout_misc_corridors, gammafunk_ghost_abyssal_escape
Snake:2:  layout_onion, serial_bayou, serial_bayou_ford_a, serial_bayou_pond_e,
          serial_bayou_pond_b, serial_bayou_crossing, serial_shops, shop,
          nicolae_snake_yet_another_twisty_hallway, nicolae_snake_linked_coils,
          nicolae_shop_sticking_my_neck_out
Snake:3:  layout_concentric_octagons, grunt_ministairs_9
Snake:4:  snake_pit_salamanders_mu, layout_cave_town, gammafunk_ghost_split,
          serial_shops, shop, nicolae_shop_clearance
Slime:1:  layout_caves
Slime:2:  layout_caves, special_room [special_room_jelly]
Slime:3:  layout_caves, nicolae_slime_welcoming_committee
Slime:4:  layout_caves
Slime:5
Orc:1:    layout_caves, uniq_jorgrun, uniq_erica
Orc:2:    st_orc_pillars, layout_diamond_mine, roderic_batcave, uniq_josephine,
          uniq_donald
Elf:1:    layout_loops_corners, hangedman_corner_corridor, drop_trap,
          minmay_misc_feat_alley, minmay_shoptagon
Elf:2:    nicolae_elf_blades_splatter_lattice [mumra_blade_entry_dagger],
          layout_rooms, portal_desolation_entry_nicolae_slug, serial_shops,
          bzr_entry_safe, nicolae_concentric_dashed_squares_mild,
          nicolae_elf_stone_circles, st_stairs_1, uniq_asterion
Elf:3:    elf_hall, layout_geoelf_diagonals, portal_ice_cave_entry_dragon,
          uniq_saint_roka
Vaults:1: v_alt_pattern_6, v_rooms_5, ontoclasm_vaults_eye,
          nicolae_vaults_twisting_passages, v_misc_17, vaults_room_large_hall,
          vaults_mumra_hex, ontoclasm_vaults_decontamination, v_misc_5,
          vaults_dpeg_cross, vaults_room_hallway, layout_vaults_omnicross
Vaults:2: v_misc_12, blue_anna_dwarven_crypt, v_misc_3, hangedman_vaults_stream,
          v_alt_pattern_3, dpeg_vaults_monster_box, v_misc_24,
          ontoclasm_vaults_chip, layout_vaults_omnigrid
Vaults:3: v_rooms_1, ontoclasm_vaults_bender, ontoclasm_vaults_twist, v_misc_2,
          nicolae_vaults_specimen_jars, vaults_room_pool, v_misc_12,
          vaults_room_fancy_cross, nicolae_vaults_asterisk,
          nicolae_vaults_angled_halls, layout_vaults_big_room, uniq_sojobo,
          uniq_nikola, uniq_mennas, uniq_jory
Vaults:4: vaults_room_stairs_pillars, nicolae_vaults_three_branches,
          minmay_guarded_unrand_guard_vaults, ontoclasm_vaults_loading_screen,
          vaults_mumra_minichess_inversion, ontoclasm_vaults_tryst,
          nicolae_vaults_network_quinsquares
          [nicolae_vaults_network_quincunx_subvault,
          nicolae_vaults_network_quincunx_subvault,
          nicolae_vaults_network_quincunx_subvault,
          nicolae_vaults_network_quincunx_subvault], hangedman_vaults_stitches,
          v_misc_33, vaults_room_octagon, ontoclasm_vaults_fault, v_pattern_2,
          nicolae_vaults_little_ls, layout_vaults_omnibox, serial_shops,
          nicolae_shop_waterfront
Vaults:5
Crypt:1:  layout_catacombs, basic_altar, grunt_ministairs_14,
          grunt_crypt_arrival_webbed, grunt_megastairs_4, lemuel_upstairs_altar
Crypt:2:  layout_rooms
Crypt:3:  cryptofortress_bobbens, uniq_khufu
Tomb:1
Depths:1: layout_roguey, serial_bayou_pond_e, hell_entry, pan_entry,
          kilobyte_mutagenic_chamber, firewood_loft, grunt_megastairs_5,
          minmay_shop_grove
Depths:2: kennysheep_cluttered_fort, layout_gridlike,
          nicolae_ru_the_path_less_chosen, grunt_pan_entry_in_and_out,
          hell_entry, abyss_entry_flame_altar, serial_shops, shop, tso_altar,
          infiniplex_staircase_pool_1
Depths:3: wad_lake_hut, layout_gridlike, enter_ziggurat_f,
          rand_demon_pan_entry_7, pf_vacation_house_of_asmodeus, serial_shops,
          shop, infiniplex_staircase_zigzag_3, lightli_enter_wizlab_magi_temple,
          abyss_entry, uniq_grunn
Depths:4: grunt_zot_entry_hairpin, layout_gridlike,
          nicolae_abyss_entry_one_way_or_another, chequers_jeans, hell_entry,
          hangedman_abyss_or_decor_stabs, minmay_fountain_box, minmay_shop_star,
          serial_bayou_shore_b, uniq_margery
Zot:1:    layout_basic
Zot:2:    layout_onion, grunt_megastairs_2
Zot:3:    layout_gridlike
Zot:4:    layout_gridlike, uniq_vv
Zot:5:    layout_twisted_circle

Skill      XL: |  1  2  3  4  5  6  7  8  9 10 11 12 13 14 15 16 17 18 19 20 21 22 23 24 25 |
---------------+----------------------------------------------------------------------------+-----
Summonings     | 5 6 7 8 10 11 13 14 15 18 23 22 | 23.0
Spellcasting   | 3 4 5 6 7 8 9 10 12 13 14 15 | 15.0
Fighting       | 1 2 3 4 5 7 8 9 11 12 14 15 16 20 21 25 24 | 25.4
Dodging        | 3 4 5 6 7 9 11 12 15 19 21 | 21.7
Hexes          | 1 3 4 5 |  5.0
Air Magic      | 1 3 5 7 8 10 12 13 14 15 16 17 18 | 18.0
Translocations | 6 10 11 13 15 16 17 | 17.0
Transmutations | 4 11 13 15 16 17 18 | 18.0
Unarmed Combat | 5 9 10 13 15 16 | 16.4
Stealth        | |  2.6

Action                   |  1- 3 |  4- 6 |  7- 9 | 10-12 | 13-15 | 16-18 | 19-21 | 22-24 | 25-27 || total
-------------------------+-------+-------+-------+-------+-------+-------+-------+-------+-------++-------
Melee: Unarmed           |     5 |     1 |     8 |     8 |   241 |  1090 |  1078 |  1393 |   194 ||  4018
       Bite              |     1 |     1 |     1 |     2 |     7 |       |     2 |       |     1 ||    15
       Punch             |       |       |       |       |     5 |    31 |   105 |   181 |    28 ||   350
 Cast: Summon Small Mamm |    94 |    35 |    23 |       |     1 |       |       |       |       ||   153
       Call Canine Famil |     1 |    24 |    69 |    81 |   125 |    11 |       |       |       ||   311
       Summon Guardian G |       |     3 |    32 |    69 |   115 |    11 |       |       |       ||   230
       Summon Lightning  |       |       |     5 |    83 |   168 |   160 |    27 |     8 |       ||   451
       Summon Forest     |       |       |       |     7 |    61 |    70 |    36 |    43 |     2 ||   219
       Storm Form        |       |       |       |       |    36 |   135 |   132 |   155 |    20 ||   478
       Manifold Assault  |       |       |       |       |    19 |   158 |    96 |   103 |    13 ||   389
       Summon Cactus Gia |       |       |       |       |       |    10 |    76 |   114 |     4 ||   204
       Malign Gateway    |       |       |       |       |       |       |    16 |    10 |     3 ||    29
       Summon Hydra      |       |       |       |       |       |       |    10 |   151 |     7 ||   168
       Summon Horrible T |       |       |       |       |       |       |       |    43 |    25 ||    68
       Wereblood         |       |       |       |       |       |       |       |    21 |     3 ||    24
       Blink             |       |       |       |       |       |       |       |       |     2 ||     2
Invok: Call Merchant     |       |       |       |     2 |       |       |     6 |       |       ||     8
       Potion Petition   |       |       |       |       |       |     1 |       |       |       ||     1
 Abil: Blinkbolt         |       |       |       |       |     7 |    34 |    28 |    12 |     5 ||    86
       End Transformatio |       |       |       |       |       |       |       |     2 |       ||     2
Evoke: Wand              |       |       |       |       |       |       |     1 |       |     1 ||     2
  Use: Scroll            |       |       |    11 |     7 |    13 |     4 |     6 |    14 |     4 ||    59
       Potion            |       |       |       |       |       |     5 |    11 |    14 |     8 ||    38
 Stab: Sleeping          |       |       |       |     1 |       |     1 |     9 |     2 |     1 ||    14
       Distracted        |       |       |       |       |     7 |    37 |    22 |    23 |     1 ||    90
       Invisible         |       |       |       |       |       |     4 |       |       |       ||     4
Armor: Skin              |     3 |     1 |     5 |     7 |    59 |   117 |    69 |   201 |    33 ||   495
Dodge: Dodged            |    20 |     9 |    36 |    58 |   488 |  1279 |  1120 |  2004 |   300 ||  5314
